 Dungeon Crawl Stone Soup version 0.26-a0-818-g75db068ed4 (webtiles) character file.

Game seed: 11094659980945736155

10561 Grant146 the Basher (level 11, -4/145 HPs)
             Began as a Minotaur Berserker on Nov 15, 2020.
             Was a High Priest of Trog.
             Slain by a spatial maelstrom (11 damage)
             ... on level 2 of the Abyss.
             The game lasted 00:20:03 (13825 turns).

Grant146 the Basher (Minotaur Berserker)           Turns: 13825, Time: 00:20:03

Health: -4/145     AC: 17    Str: 25    XL:     11   Next: 37%
Magic:  10/10      EV:  9    Int:  4    God:    Trog [*****.]
Gold:   713        SH: 15    Dex: 10    Spells: 10/10 levels left

rFire    . . .     SeeInvis .   G - +1 mace
rCold    . . .     Faith    +   o - +3 kite shield
rNeg     + . .     Spirit   .   M - +0 plate armour
rPois    +         Reflect  .   (helmet restricted)
rElec    .         Harm     .   A - +0 cloak
rCorr    .         Rampage  .   F - +0 pair of gloves
MR       .....                  (no boots)
Stlth    ..........             D - amulet of faith
HPRegen  0.34/turn              v - ring of poison resistance
MPRegen  0.12/turn              m - ring of positive energy

@: berserking, very quick
A: retaliatory headbutt, horns 2
a: Berserk, Trog's Hand, Brothers in Arms, Renounce Religion


You were on level 2 of the Abyss.
You worshipped Trog.
Trog was extremely pleased with you.
You visited 1 branch of the dungeon, and saw 11 of its levels.
You visited the Abyss 1 time.
You also visited: Sewer.

You collected 783 gold pieces.
You spent 70 gold pieces at shops.

Inventory:

Hand Weapons
 G - a +1 mace (weapon)
Missiles
 p - 16 poisoned darts (quivered)
Armour
 b - a +0 animal skin
 g - a +0 ring mail
 o - a +3 kite shield (worn)
 w - a +0 tower shield
 A - a +0 cloak (worn)
 F - a +0 pair of gloves (worn)
 M - a +0 plate armour (worn)
Jewellery
 f - an uncursed ring of see invisible
 m - a ring of positive energy (right hand)
 v - a ring of poison resistance (left hand)
 B - an uncursed ring of ice {unknown}
 D - an amulet of faith (around neck)
Wands
 n - a wand of flame (13)
 t - a wand of polymorph (12)
 y - a wand of random effects (10)
 E - a wand of disintegration (10)
 J - a wand of digging (8)
 K - a wand of paralysis (9)
Scrolls
 c - 8 scrolls of identify
 e - 11 scrolls of remove curse
 h - 2 scrolls of teleportation
 j - a scroll of blinking
 k - a scroll of random uselessness {unknown}
 l - 3 scrolls of enchant armour
 q - a scroll of holy word {unknown}
 r - 2 scrolls of enchant weapon
 u - a scroll of fear
 I - 3 scrolls of magic mapping
Potions
 d - a potion of flight {unknown}
 i - 3 potions of curing
 s - a potion of magic
 x - a potion of lignification
 z - 3 potions of heal wounds
 C - a potion of haste


   Skills:
 + Level 9.0 Fighting
 + Level 12.1 Maces & Flails
 + Level 9.7 Armour
 + Level 7.0 Dodging
 + Level 2.7 Stealth
 + Level 10.0 Shields
 + Level 0.5 Unarmed Combat


You had 10 spell levels left.
You didn't know any spells.
Your spell library was empty.

Dungeon Overview and Level Annotations

Branches:
Dungeon (11/15)            Temple (0/1) D:5            Lair (0/6) D:8
  Sewer (visited)
    Orc: D:9-12

Altars:
Ashenzari
Fedhas
Hepliaklqana
Ru
Sif Muna
Trog
Uskayaw

Shops:
D:4 ?*(:   D:6 }

Annotations:
D:5 2 runed translucent doors
D:11 Sonja


Innate Abilities, Weirdness & Mutations

You reflexively headbutt those who attack you in melee.
You have a pair of horns on your head.


Message History

A starspawn tentacle comes into view.
There are monsters nearby!
A spatial vortex comes into view.
A large abomination comes into view.
Found a scratched sapphire ring.
A spatial vortex comes into view.
A small abomination comes into view.
A spatial vortex comes into view.
A spatial vortex comes into view.
You block the spatial maelstrom's attack.
The spatial maelstrom hits you!
* * * LOW HITPOINT WARNING * * *
Space warps horribly around you!
* * * LOW HITPOINT WARNING * * *
The small abomination closely misses you.
You furiously retaliate!
You headbutt the small abomination!
A red film seems to cover your vision as you go berserk!
You feel yourself moving faster!
You feel mighty!
You block the spatial maelstrom's attack. x2
The spatial maelstrom hits you!
You die...

# ...##. ...
.. .#.#..X.# #
#...
#..#.#...##
#.##
##.v.##...# #.
#....#...### #
..#..v..#...#
# # ##
v#.##.#.# ....
...##.x..#
#.....#.@# #
..##.X.v.# #
#...#..v..#.##
.#.#..###....#
# .##.....##.#
#. #=.#..# #..
...#.##. #.# .
#.. . #.. #..
#. ...


You could see a spatial maelstrom, 2 spatial vortices, a large abomination and a
small abomination.

Vanquished Creatures
  Harold (D:9)
  A skeletal warrior (D:10)
  A large abomination (Abyss:2)
  2 ugly things
  An elephant (shapeshifter) (D:10)
  The ghost of FalseProphet the Poker, a novice DsGl of Okawaru (D:5)
  A centaur skeleton (D:11)
  4 trolls
  A small abomination (Abyss:2)
  2 yaks
  A wyvern (D:11)
  2 soldier ants (D:9)
  2 orc warriors
  3 ice beasts
  4 ogres
  A phantom (D:8)
  5 centaurs
  A big kobold (D:10)
  12 bullfrogs
  Blork the orc (D:4)
  A wyvern skeleton (D:9)
  6 scorpions
  12 killer bees
  14 wights
  2 bullfrog zombies
  2 centaur zombies
  A quasit (D:10)
  A jelly (D:10)
  4 orc priests
  7 hounds
  A bullfrog skeleton (D:8)
  4 orc wizards
  4 iguanas
  7 worker ants
  2 hound zombies
  A hound skeleton (D:6)
  2 howler monkey zombies
  4 gnolls (D:9)
  21 adders
  2 shadow imps
  2 white imps
  An ufetubus (D:10)
  16 oozes
  3 adder zombies
  An adder skeleton (D:6)
  3 worms
  5 dart slugs
  14 leopard geckos
  25 orcs
  5 ball pythons
  22 giant cockroaches
  7 goblins
  5 hobgoblins
  4 jackals
  11 kobolds
  2 quokkas (D:7)
  7 bats
  14 frilled lizards
  A jackal skeleton (D:4)
  A jackal zombie (D:6)
  A leopard gecko skeleton (D:6)
  A leopard gecko zombie (D:7)
  A quokka skeleton (D:5)
  A quokka zombie (D:6)
  6 rats
304 creatures vanquished.

Vanquished Creatures (others)
  5 fungi (D:8)
  3 plants (D:8)
  10 starspawn tentacles (Abyss:2)
18 creatures vanquished.

Grand Total: 322 creatures vanquished

Notes
Turn   | Place    | Note
-------+----------+-------------------------------------------
     0 | D:1      | Grant146 the Minotaur Berserker began the quest for the
                  | Orb.
     0 | D:1      | Reached XP level 1. HP: 19/19 MP: 0/0
   219 | D:1      | Reached skill level 4 in Maces & Flails
   219 | D:1      | Reached XP level 2. HP: 26/27 MP: 1/1
   773 | D:2      | Reached XP level 3. HP: 34/34 MP: 2/2
   809 | D:2      | You fall into a shaft and drop 1 floor!
   836 | D:3      | Found a glowing drain.
   860 | D:3      | Reached ** piety under Trog
   862 | D:3      | Reached XP level 4. HP: 37/41 MP: 3/3
   875 | Sewer    | Entered a sewer
  1088 | Sewer    | Reached skill level 5 in Maces & Flails
  1235 | Sewer    | Reached XP level 5. HP: 45/47 MP: 4/4
  1463 | Sewer    | Reached *** piety under Trog
  1637 | Sewer    | Reached XP level 6. HP: 29/55 MP: 5/5
  1638 | Sewer    | Reached skill level 5 in Fighting
  1638 | Sewer    | Reached skill level 6 in Maces & Flails
  2621 | D:3      | Reached skill level 5 in Armour
  2838 | D:3      | Found a hide-covered altar of Uskayaw.
  2848 | D:3      | Reached **** piety under Trog
  3574 | D:3      | Found a hazy altar of Hepliaklqana.
  3577 | D:3      | Found a broken altar of Ashenzari.
  3580 | D:3      | Found a sacrificial altar of Ru.
  3756 | D:4      | Reached XP level 7. HP: 58/61 MP: 6/6
  3784 | D:4      | Reached skill level 1 in Shields
  3873 | D:4      | Found a bloodstained altar of Trog.
  3962 | D:4      | Found Kisu's Magic Scroll Boutique.
  3965 | D:4      | Bought a scroll of remove curse for 42 gold pieces
  3965 | D:4      | Bought a scroll of identify for 28 gold pieces
  4017 | D:4      | Found Sawam's General Store.
  4020 | D:4      | Found Qicom's Weapon Boutique.
  4039 | D:4      | Found Voloocuph's Book Shop.
  4082 | D:4      | Found a shimmering blue altar of Sif Muna.
  4140 | D:4      | Noticed Blork the orc
  4150 | D:4      | Killed Blork the orc
  4599 | D:5      | Entered Level 5 of the Dungeon
  4607 | D:5      | Reached skill level 1 in Stealth
  4684 | D:5      | HP: 4/91 [centaur (4)]
  4686 | D:5      | Reached skill level 7 in Maces & Flails
  4972 | D:5      | You fall into a shaft and drop 2 floors!
  5063 | D:6      | Reached XP level 8. HP: 69/69 MP: 7/7
  5358 | D:5      | Found a staircase to the Ecumenical Temple.
  5420 | D:5      | Found a runed translucent door.
  5425 | D:5      | Noticed FalseProphet's ghost (novice DsGl)
  5587 | D:5      | Reached ***** piety under Trog
  5608 | D:5      | Found a runed translucent door.
  5610 | D:5      | Found a runed translucent door.
  5911 | D:5      | Killed FalseProphet's ghost
  5912 | D:5      | Reached skill level 8 in Maces & Flails
  6261 | D:6      | Reached skill level 5 in Dodging
  6497 | D:6      | Found Huamajas's Gadget Shop.
  7189 | D:7      | Found a blossoming altar of Fedhas.
  7322 | D:7      | Reached skill level 5 in Shields
  7322 | D:7      | Reached XP level 9. HP: 64/75 MP: 8/8
  7830 | D:7      | Reached skill level 9 in Maces & Flails
  8315 | D:7      | Received a gift from Trog
  8997 | D:8      | Found a staircase to the Lair.
  9009 | D:8      | Reached skill level 10 in Maces & Flails
  9555 | D:9      | Noticed a troll
  9787 | D:8      | Killed a troll
  9788 | D:8      | Reached XP level 10. HP: 45/86 MP: 9/9
 10703 | D:9      | Noticed Harold
 10725 | D:9      | Killed Harold
 10979 | D:9      | Reached skill level 11 in Maces & Flails
 11374 | D:10     | Entered Level 10 of the Dungeon
 11460 | D:10     | Noticed a skeletal warrior
 11481 | D:10     | Killed a skeletal warrior
 12214 | D:10     | Noticed an elephant
 12234 | D:10     | Killed an elephant
 12467 | D:10     | Reached XP level 11. HP: 67/95 MP: 10/10
 13302 | D:11     | Noticed a cyan ugly thing
 13303 | D:11     | Noticed Sonja
 13334 | D:10     | Killed a cyan ugly thing
 13466 | D:11     | Noticed a brown ugly thing
 13481 | D:11     | Killed a brown ugly thing
 13665 | D:11     | Received a gift from Trog
 13733 | D:11     | Cast into level 2 of the Abyss (Sonja)
 13742 | Abyss:2  | Noticed a large abomination
 13769 | Abyss:2  | Killed a large abomination
 13770 | Abyss:2  | Reached skill level 12 in Maces & Flails
 13770 | Abyss:2  | Reached skill level 10 in Shields
 13785 | Abyss:2  | Noticed a tentacled starspawn
 13790 | Abyss:2  | Noticed a tentacled starspawn
 13794 | Abyss:2  | Noticed a spatial maelstrom
 13821 | Abyss:2  | Noticed a large abomination
 13824 | Abyss:2  | HP: 4/97 [spatial maelstrom (16)]
 13825 | Abyss:2  | Slain by a spatial maelstrom

Illustrated notes

Levels and vault maps discovered:
D:1:      ncdulo_wetmaze, layout_loops_ring,
          hangedman_abyss_or_decor_lesser_grid
D:2:      layout_basic, grunt_ministairs_8
D:3:      layout_basic, eat_drink_and_be_merry_uskayaw,
          grunt_temple_overflow_diamond, gup_sewer_entry_glass,
          minmay_starry_boxes
D:4:      layout_loops_ring, overflow_temple_1_default, lemuel_round_altar,
          serial_shops, shop, shop_fountains, nicolae_shop_behind_doors,
          nicolae_shop_stone, lemuel_flame_loot_1, uniq_blork_the_orc
D:5:      lemuel_insect_pit, layout_basic, minmay_temple_entry_mini_moons,
          ebering_ghost_sewer_d
D:6:      layout_basic, serial_shops, kennysheep_mini
D:7:      layout_basic, fedhas_altar_2
D:8:      layout_loops_cross, grunt_lair_entry_orc_guard_hut
D:9:      layout_loops_corners, minivault_5, hangedman_pestilent_swarm,
          uniq_harold
D:10:     minmay_four_partial_circles, layout_irregular_city,
          kennysheep_generic_room_3
D:11:     layout_rooms, serial_shops, shop, grunt_tough_drop, uniq_sonja
Abyss:2:  base:
D:5

Skill      XL: |  1  2  3  4  5  6  7  8  9 10 11 |
---------------+----------------------------------+-----
Fighting       | 4 5 6 7 8 9 |  9.0
Maces & Flails | 4 5 6 7 8 10 11 12 | 12.1
Armour         | 3 4 5 7 9 |  9.7
Dodging        | 3 4 5 6 7 |  7.0
Shields        | 2 5 6 9 10 | 10.0
Stealth        | 1 2 |  2.7
Unarmed Combat | |  0.5

Action                   |  1- 3 |  4- 6 |  7- 9 | 10-12 || total
-------------------------+-------+-------+-------+-------++-------
Melee: Mace              |    51 |   234 |   420 |   337 ||  1042
       Headbutt          |     9 |    28 |    91 |    84 ||   212
       Unarmed           |       |       |       |     3 ||     3
Invok: Berserk           |       |     1 |     3 |     8 ||    12
  Use: Scroll            |       |       |    18 |     1 ||    19
 Stab: Sleeping          |       |       |       |     1 ||     1
Armor: Animal skin       |     2 |       |       |       ||     2
       Ring mail         |    13 |    83 |    91 |    43 ||   230
       Plate armour      |       |       |       |    38 ||    38
Dodge: Dodged            |    44 |   185 |   150 |   125 ||   504
Block: Kite shield       |       |    37 |   253 |   240 ||   530

Table legend: (Time is in decaauts)
 A = Elapsed time spent in this place.
 B = Non-inter-level travel time spent in this place.
 C = Inter-level travel time spent in this place.
 D = Time resting spent in this place.
 E = Time spent auto-exploring this place.
 F = Levels seen in this place.
 G = Mean time per level.
                   A        B        C        D        E       F      G
               +--------+--------+--------+--------+--------+-----+--------+
         Total |  14077 |  13681 |    396 |    596 |  10363 |  13 | 1082.8 |
       Dungeon |  12752 |  12356 |    396 |    558 |   9613 |  11 | 1159.3 |
         Abyss |    113 |    113 |      0 |      9 |      0 |   1 |  113.0 |
         Sewer |   1212 |   1212 |      0 |     29 |    749 |   1 | 1212.0 |
               +--------+--------+--------+--------+--------+-----+--------+

Top non-repeatable levels by time:
    D:10: 2048 daAuts
     D:8: 1573 daAuts
     D:5: 1422 daAuts
     D:7: 1384 daAuts
     D:9: 1379 daAuts
   Sewer: 1212 daAuts
     D:3: 1149 daAuts
     D:6: 1060 daAuts
     D:4: 978 daAuts
     D:1: 782 daAuts
     D:2: 647 daAuts
    D:11: 325 daAuts
 Abyss:2: 113 daAuts
